 Dungeon Crawl Stone Soup version 0.31.0-11-ge490571c62 (webtiles) character file.

Game seed: 6805645051285499602

986 hikkokomori the Shield-Bearer (level 8, -1/53 (64) HPs)
             Began as a Formicid Fighter on Jan 31, 2024.
             Slain by an iguana (4 damage)
             ... on level 6 of the Dungeon.
             The game lasted 00:06:41 (3749 turns).

hikkokomori the Shield-Bearer (Formicid Fighter)    Turns: 3749, Time: 00:06:41

HP:   -1/53 (64)    AC:  5    Str: 22    XL:     8   Next: 41%
MP:   8/8           EV: 11    Int:  9    God:
Gold: 202           SH:  6    Dex: 19    Spells: 7/7 levels left

rFire   + . .        a - +0 war axe
rCold   . . .        c - +0 buckler
rNeg    . . .        j - +2 robe {rF+}
rPois   +            (helmet unavailable)
rElec   .            t - +0 cloak
rCorr   .            (no gloves)
SInv    +            (no boots)
Will    .....        (no amulet)
Stlth   ++           e - +6 ring of dexterity
HPRegen 0.28/turn    f - ring of poison resistance
MPRegen 0.11/turn

%: no passive effects
@: heavily drained, invisible
A: permanent stasis, dig shafts and tunnels, antennae 3, four strong arms
a: Dig, Shaft Self


You were on level 6 of the Dungeon.
You visited 1 branch of the dungeon, and saw 6 of its levels.

You collected 202 gold pieces.

Inventory:

Hand Weapons
 a - a +0 war axe (weapon)
 d - a +0 scythe
 n - a +1 trident of protection
 s - a +2 quarterstaff of chaos
 x - a +0 giant spiked club
Missiles
 w - a throwing net
Armour
 b - a +0 scale mail
 c - a +0 buckler (worn)
 j - a +2 robe of fire resistance (worn)
 t - a +0 cloak (worn)
Jewellery
 e - a +6 ring of dexterity (left hand)
 f - a ring of poison resistance (right hand)
 o - a +6 ring of intelligence
Wands
 q - a wand of quicksilver (15)
 r - a wand of polymorph (7)
Scrolls
 g - a scroll of fog
 k - a scroll of enchant weapon
 p - a scroll of revelation {unknown}
 u - a scroll of fear
Potions
 h - 3 potions of curing
 i - a potion of invisibility
 l - 2 potions of heal wounds
 m - a potion of enlightenment
 v - a potion of lignification {unknown}
 z - a potion of cancellation {unknown}


   Skills:
 + Level 6.0 Fighting
 + Level 5.0 Axes
 - Level 5.6 Armour
 - Level 6.7 Shields
 + Level 2.3 Evocations


You had 7 spell levels left.
You didn't know any spells.
Your spell library was empty.

Dungeon Overview and Level Annotations

Branches:
Dungeon (6/15)
 Temple: D:4-7

Altars:
Makhleb
Ru

Annotations:
D:6 Blork the orc


Innate Abilities, Weirdness & Mutations

You cannot be hasted, slowed, berserked, paralysed or teleported.
You can dig through walls and to a lower floor.
You have a pair of large antennae on your head. (SInv)
Your four strong arms can wield two-handed weapons with a shield.


Message History

Blork the orc is lightly wounded.
Blork the orc hits you with a +2 scimitar of draining.
You feel drained.
Blork the orc begins to cast a cantrip, but forgets the words!
You slash Blork the orc!
Blork the orc is heavily wounded.
Blork the orc gestures at you while chanting.
The puff of frost misses you. Blork the orc barely misses you.
You hit Blork the orc but do no damage.
Blork the orc is heavily wounded.
Blork the orc hits you with a +2 scimitar of draining!
You feel drained.
You barely miss Blork the orc.
Blork the orc is heavily wounded.
Blork the orc screams, "I'm much stronger than you!"
You block Blork the orc's attack. Blork the orc barely misses you.
You hit Blork the orc but do no damage.
Blork the orc is heavily wounded.
Blork the orc hits you with a +2 scimitar of draining.
You feel drained.
Blork the orc looks encouraged for a moment.
You fade into invisibility!
Blork the orc hits you with a +2 scimitar of draining!
You feel drained. You block the iguana's attack.
Blork the orc hits you with a +2 scimitar of draining.
You feel drained.
Unknown command.
You hit Blork the orc but do no damage.
Blork the orc is heavily wounded.
You closely miss the iguana.
Blork the orc hits you with a +2 scimitar of draining.
You feel drained. The iguana barely misses you.
Blork the orc gestures at you while chanting.
The puff of frost hits you!
* * * LOW HITPOINT WARNING * * *
You catch the helpless Blork the orc completely off-guard!
You slash Blork the orc!
Blork the orc is severely wounded.
You barely miss the iguana. The iguana bites you.
You die...

## ..# ## ...##
#.. ....#
#)###### #...#
####.#..~~~.
#...##...#..~...~
#ol#..#...~._.~ #
#@..#.#..~... #.
##.....#..~~ #.#
#......#######.#
##.!..........#
##...........#
###.........#
###.......#
#.......#
##.....##


You could see Blork the orc (fast, unable to see you) and an iguana (unable to
see you).

Vanquished Creatures
  Sigmund (D:2)
  An ice beast (D:4)
  A black bear (D:3)
  An ogre (D:5)
  A scorpion (D:4)
  A howler monkey (D:3)
  2 jellies (D:5)
  An orc priest (D:3)
  A hound (D:5)
  A sleepcap (D:4)
  Natasha (thrice) (D:3)
  2 iguanas
  2 orc wizards (D:4)
  4 gnolls (D:5)
  2 adders
  A white imp (D:5)
  2 dart slugs
  2 ribbon worms
  19 orcs
  6 ball pythons
  2 endoplasms
  2 giant cockroaches
  3 goblins
  3 hobgoblins
  3 jackals (D:1)
  5 kobolds
  2 quokkas (D:4)
  6 bats
  3 frilled lizards
  6 rats
89 creatures vanquished.

Notes
Turn   | Place    | Note
-------+----------+-------------------------------------------
     0 | D:1      | hikkokomori the Formicid Fighter began the quest for the
                  | Orb.
     0 | D:1      | Reached XP level 1. HP: 18/18 MP: 1/1
    84 | D:1      | Reached XP level 2. HP: 24/24 MP: 2/2
   527 | D:2      | Reached XP level 3. HP: 27/29 MP: 3/3
  1015 | D:2      | Noticed Sigmund
  1026 | D:2      | Killed Sigmund
  1027 | D:2      | Reached skill level 5 in Shields
  1027 | D:2      | Reached XP level 4. HP: 21/38 MP: 4/4
  1027 | D:2      | Reached XP level 5. HP: 24/43 MP: 5/5
  1307 | D:2      | Reached XP level 6. HP: 49/49 MP: 6/6
  1617 | D:3      | Found a burning altar of Makhleb.
  1826 | D:3      | Noticed Natasha
  1827 | D:3      | Noticed a black bear
  1838 | D:3      | Killed a black bear
  1842 | D:3      | Killed Natasha
  2055 | D:3      | Reached XP level 7. HP: 34/55 MP: 7/7
  2155 | D:3      | Found a runed translucent door.
  2156 | D:3      | Noticed Crazy Yiuf
  2208 | D:3      | Noticed Natasha
  2219 | D:3      | Killed Natasha
  2228 | D:3      | Noticed Natasha
  2254 | D:3      | Killed Natasha
  2255 | D:3      | Reached skill level 5 in Fighting
  2255 | D:3      | Reached skill level 5 in Armour
  2418 | D:3      | Crazy Yiuf changed into Crazy Yiuf the howler monkey
  2418 | D:3      | Noticed Crazy Yiuf
  2424 | D:3      | Killed Crazy Yiuf the howler monkey
  2759 | D:4      | Reached XP level 8. HP: 33/63 MP: 8/8
  3084 | D:5      | Entered Level 5 of the Dungeon
  3087 | D:5      | Reached skill level 1 in Evocations
  3436 | D:5      | Reached skill level 5 in Axes
  3735 | D:6      | Found a sacrificial altar of Ru.
  3736 | D:6      | Noticed Blork the orc
  3749 | D:6      | Slain by an iguana

Illustrated notes

Levels and vault maps discovered:
D:1:      denvon_arrival_hothouse, layout_rooms
D:2:      layout_loops_corners, serial_forest, infiniplex_forest_lined_2,
          infiniplex_forest_clump_diagonal, infiniplex_forest_lined_corner,
          infiniplex_forest_straight_4, infiniplex_forest_lined_3_way,
          dreamdust_princess_bridge, uniq_sigmund
D:3:      layout_basic, lightli_temple_of_fire, uniq_crazy_yiuf_cottage,
          uniq_natasha
D:4:      layout_rooms
D:5:      layout_basic, hex_tiny
D:6:      layout_layer_cave, nemelex_dance_club_becter, nicolae_ru_awakened_eye,
          mainiacjoe_overflow_catch_the_wave, serial_shops, shop,
          uniq_blork_the_orc

Skill      XL: |  1  2  3  4  5  6  7  8 |
---------------+-------------------------+-----
Fighting       | 4 5 6 |  6.0
Axes           | 3 4 5 |  5.0
Armour         | 4 5 |  5.6
Shields        | 5 6 |  6.7
Evocations     | 2 |  2.3

Action                     |  1- 3 |  4- 6 |  7- 9 || total
---------------------------+-------+-------+-------++-------
  Melee: War axe           |    59 |    67 |   125 ||   251
         Unarmed           |       |     3 |    16 ||    19
  Evoke: Wand              |       |       |     4 ||     4
    Use: Potion            |     1 |     2 |     1 ||     4
         Scroll            |       |       |    10 ||    10
   Stab: Confused          |       |     1 |       ||     1
         Sleeping          |       |       |     2 ||     2
         Invisible         |       |       |     1 ||     1
 Armour: Scale mail        |    46 |       |       ||    46
         Robe              |       |    61 |    77 ||   138
         Skin              |       |     2 |    12 ||    14
  Dodge: Dodged            |    36 |    56 |    57 ||   149
  Block: Buckler           |    16 |    24 |    43 ||    83
